 Dungeon Crawl Stone Soup version 0.31-a0-1005-gfbdfbac (webtiles) character file.

Game seed: 12213983235457351403

299 Partyfoot the Shield-Bearer (level 6, -11/50 HPs)
             Began as a Formicid Fighter on Nov 11, 2023.
             Mangled by an ogre
             ... wielding a +0 giant spiked club
              (21 damage)
             ... on level 5 of the Dungeon.
             The game lasted 00:07:49 (3148 turns).

Partyfoot the Shield-Bearer (Formicid Fighter)      Turns: 3148, Time: 00:07:50

Health: -11/50     AC: 12    Str: 21    XL:     6   Next: 63%
Magic:  6/6        EV:  6    Int:  7    God:
Gold:   183        SH:  5    Dex: 15    Spells: 5/5 levels left

rFire   + . .        a - +1 quarterstaff
rCold   . . .        c - +0 buckler
rNeg    . . .        h - +0 plate armour
rPois   .            (helmet unavailable)
rElec   .            (no cloak)
rCorr   .            (no gloves)
SInv    +            (no boots)
Will    .....        (no amulet) Stlth
                     j - ring of protection from fire
HPRegen 0.28/turn    (no ring)
MPRegen 0.10/turn

%: no passive effects
@: no status effects
A: permanent stasis, dig shafts and tunnels, antennae 3, four strong arms
a: Dig, Shaft Self


You were on level 5 of the Dungeon.
You visited 1 branch of the dungeon, and saw 5 of its levels.

You collected 183 gold pieces.

Inventory:

Hand Weapons
 a - a +1 quarterstaff (weapon)
Armour
 b - a +0 scale mail
 c - a +0 buckler (worn)
 h - a +0 plate armour (worn)
Jewellery
 j - a ring of protection from fire (left hand)
Scrolls
 d - a scroll of immolation {unknown}
 i - 3 scrolls of identify
Potions
 e - 2 potions of haste
 f - a potion of degeneration {unknown}
 g - a potion of invisibility {unknown}
 k - 2 potions of enlightenment {unknown}
 l - a potion of attraction {unknown}
 m - a potion of mutation {unknown}
 n - a potion of berserk rage {unknown}
 o - a potion of curing {unknown}


   Skills:
 + Level 4.8 Fighting
 + Level 3.5 Staves
 + Level 4.7 Armour
 + Level 5.6 Shields


You had 5 spell levels left.
You didn't know any spells.
Your spell library contained the following spells:

 Spells                   Type           Power      Damage    Failure   Level
 Freeze                   Ice            0%         1d3       100%        1
 Summon Small Mammal      Summ           0%         N/A       100%        1
 Cigotuvi's Dreadful Rot  Necr/Pois/Air  0%         N/A       100%        2
 Call Canine Familiar     Summ           0%         N/A       100%        3
 Dazzling Flash           Conj/Hex       0%         N/A       100%        3
 Frozen Ramparts          Ice            0%         1d1       100%        3
 Hailstorm                Conj/Ice       0%         3d3       100%        3
 Ignite Poison            Fire/Tmut/Pois 0%         N/A       100%        3
 Summon Guardian Golem    Hex/Summ       0%         N/A       100%        3
 Agony                    Necr           0%         N/A       100%        5
 Freezing Cloud           Conj/Ice/Air   0%         6-21      100%        5
 Silence                  Hex/Air        0%         N/A       100%        5


Dungeon Overview and Level Annotations

Branches:
Dungeon (5/15)
 Temple: D:4-7

Altars:
Ashenzari
Makhleb

Shops:
D:2 ?

Annotations:
D:2 1 runed translucent door, Crazy Yiuf


Innate Abilities, Weirdness & Mutations

You cannot be hasted, slowed, berserked, paralysed or teleported.
You can dig through walls and to a lower floor.
You have a pair of large antennae on your head. (SInv)
Your four strong arms can wield two-handed weapons with a shield.


Message History

You see here a +0 short sword.
There is an open door here.
Done exploring.
Done exploring.
There is a stone staircase leading down here.
You climb downwards.
There is a stone staircase leading up here.
A jelly comes into view.
The jelly quivers.
The jelly hits you but does no damage.
You thump the jelly! The acid corrodes you!
Your hands burn!
The jelly is heavily wounded.
The jelly barely misses you.
You sock the jelly!
You kill the jelly!
No target in view!
No target in view!
You start resting.
You are no longer corroded.
HP restored.
You sense a monster nearby.
You now have 183 gold pieces (gained 11).
An ogre comes into view. It is wielding a +0 giant spiked club.
The ogre shouts!
The ogre hits you with a +0 giant spiked club!!
You hit the ogre.
The ogre is moderately wounded.
You closely miss the ogre.
The ogre is moderately wounded.
The ogre hits you with a +0 giant spiked club!!
* * * LOW HITPOINT WARNING * * *
You are too injured to fight recklessly!
You are too injured to fight recklessly!
You barely miss the ogre.
The ogre is moderately wounded.
You block the ogre's attack.
You hit the ogre.
The ogre is moderately wounded.
The ogre hits you with a +0 giant spiked club!!
You die...

## ###.# ##...+
####....# ........##
# #.....## .# #
##.##..## #.# ###
#.###..### #..#
..###.####...####O.#
#...............@.#
#####.####.####.##.#
#.# #.# #.# .# #..
... ..# # #..###.#
##.# #..# #.# #.#
#..# #.# #.# ...# #.
...


You could see an ogre.

Vanquished Creatures
  A phantom (D:4)
  A hound (D:4)
  A jelly (D:5)
  Natasha (twice) (D:2)
  5 adders
  2 worms
  2 dart slugs
  8 orcs (D:4)
  7 ball pythons
  4 endoplasms
  A giant cockroach (D:1)
  4 hobgoblins
  2 jackals (D:4)
  4 kobolds
  2 quokkas
  3 bats
  2 frilled lizards (D:1)
  7 goblins
  6 rats
64 creatures vanquished.

Notes
Turn   | Place    | Note
-------+----------+-------------------------------------------
     0 | D:1      | Partyfoot the Formicid Fighter began the quest for the Orb.
     0 | D:1      | Reached XP level 1. HP: 18/18 MP: 1/1
   110 | D:1      | Reached XP level 2. HP: 24/24 MP: 2/2
   649 | D:2      | Found a burning altar of Makhleb.
   654 | D:2      | Reached XP level 3. HP: 29/29 MP: 3/3
   679 | D:2      | Noticed Natasha
   688 | D:2      | Killed Natasha
   751 | D:2      | Reached XP level 4. HP: 33/37 MP: 4/4
   947 | D:2      | Found Exa Aneu's Magic Scroll Shop.
   991 | D:2      | Found a runed translucent door.
   992 | D:2      | Noticed Crazy Yiuf
  1264 | D:2      | Noticed Natasha
  1272 | D:2      | Killed Natasha
  1273 | D:2      | Reached XP level 5. HP: 26/42 MP: 5/5
  1843 | D:3      | Reached skill level 5 in Shields
  2268 | D:4      | Noticed a phantom
  2277 | D:4      | Killed a phantom
  2278 | D:4      | Reached XP level 6. HP: 49/49 MP: 6/6
  2652 | D:4      | Noticed a sky beast
  2653 | D:4      | Noticed an orc warrior
  2851 | D:4      | Found a broken altar of Ashenzari.
  3080 | D:5      | Entered Level 5 of the Dungeon
  3143 | D:5      | Noticed an ogre
  3148 | D:5      | Mangled by an ogre

Illustrated notes

Levels and vault maps discovered:
D:1:      lightli_iron_boxes, layout_loops_ring
D:2:      layout_rooms, serial_shops, nicolae_shop_back_alley_shop, basic_altar,
          minmay_diced_spiral, uniq_natasha, uniq_crazy_yiuf_cottage
D:3:      layout_loops_ring
D:4:      layout_gridville, kennysheep_little_box, lightli_corner_chamber
D:5:      layout_loops_ring, lemuel_crystal_altar,
          nemelex_xobeh_ov_fountains_minmay, gammafunk_temple_overflow_claw,
          minmay_temple_entry_butterflies

Skill      XL: |  1  2  3  4  5 |
---------------+----------------+-----
Armour         | 4 |  4.7
Fighting       | 4 |  4.8
Staves         | 3 |  3.5
Shields        | 5 |  5.6

Action                     |  1- 3 |  4- 6 || total
---------------------------+-------+-------++-------
  Melee: Quarterstaff      |    52 |   139 ||   191
    Use: Scroll            |       |     8 ||     8
         Potion            |       |     1 ||     1
 Armour: Scale mail        |    31 |    30 ||    61
         Plate armour      |       |    65 ||    65
  Dodge: Dodged            |    23 |    52 ||    75
  Block: Buckler           |    16 |    44 ||    60

Table legend: (Time is in decaauts)
 A = Elapsed time spent in this place.
 B = Non-inter-level travel time spent in this place.
 C = Inter-level travel time spent in this place.
 D = Time resting spent in this place.
 E = Time spent auto-exploring this place.
 F = Levels seen in this place.
 G = Mean time per level.
                   A        B        C        D        E       F      G
               +--------+--------+--------+--------+--------+-----+--------+
         Total |   3180 |   2994 |    186 |    126 |   2363 |   5 |  636.0 |
       Dungeon |   3180 |   2994 |    186 |    126 |   2363 |   5 |  636.0 |
               +--------+--------+--------+--------+--------+-----+--------+

Top non-repeatable levels by time:
     D:4: 938 daAuts
     D:2: 853 daAuts
     D:3: 663 daAuts
     D:1: 655 daAuts
     D:5: 68 daAuts
